 Dungeon Crawl Stone Soup version 0.28-a0-1286-g6bde065e89 (webtiles) character file.

Game seed: 9050453370584652578

1546747 earlgrey the Hoplite (level 25, 217/221 HPs)
             Began as a Demonspawn Fighter on Dec 25, 2021.
             Was the Champion of Qazlal.
             Escaped with the Orb
             ... and 3 runes on Dec 26, 2021!
             The game lasted 05:05:21 (79047 turns).

earlgrey the Hoplite (Demonspawn Fighter)          Turns: 79047, Time: 05:05:21

Health: 217/221    AC: 59    Str: 21    XL:     25   Next: 76%
Magic:  23/23      EV:  9    Int: 12    God:    Qazlal [******]
Gold:   1348       SH: 43    Dex: 15    Spells: 24/24 levels left

rFire   + . .      SeeInvis .   q - +18 lance "Wyrmbane" {slay drac, rPois rF+ rC+ AC+3}
rCold   + . .      Faith    .   c - +5 tower shield {AC+3}
rNeg    . . .      Spirit   .   y - +8 orange crystal plate armour {Archmagi, Int+3 Clar}
rPois   +          Reflect  +   (helmet unavailable)
rElec   .          Harm     .   A - +1 cloak {Will+}
rCorr   +          Rampage  .   h - +2 pair of gloves
Will    +++..      Archmagi +   j - +2 pair of boots
Stlth   .......... Clarity  +   n - amulet of reflection
HPRegen 0.46/turn               t - ring of resist corrosion
MPRegen 0.18/turn               i - +4 ring of protection

@: studying Crossbows, repel missiles
A: horns 3, demonic guardian 3, hurl damnation, powered by death 3, torment
resistance 1, sharp scales 3, demonic willpower, fangs 1, berserk 1, clumsy 1,
deterioration 2, low mp 2, weak 2, no potion heal 1, sturdy frame 1, devolution
1
0: Orb of Zot
}: 3/15 runes: decaying, serpentine, silver
a: Hurl Damnation, Renounce Religion, Upheaval, Elemental Force, Disaster Area


You escaped.
You worshipped Qazlal.
Qazlal was exalted by your worship.
You visited 11 branches of the dungeon, and saw 51 of its levels.
You also visited: Trove.

You collected 7254 gold pieces.
You spent 5906 gold pieces at shops.

Inventory:

Hand Weapons
 q - the +18 lance "Wyrmbane" (weapon) {slay drac, rPois rF+ rC+ AC+3}
   (You found it on level 1 of the Swamp)

   It inflicts extra damage against dragons and draconians.
   AC:        It affects your AC (+3).
   rF:        It protects you from fire.
   rC:        It protects you from cold.
   rPois:     It protects you from poison.
 L - the +5 trident of Zurruor {pain, Str+7}
   (You found it on level 5 of the Vaults)

   In the hands of one skilled in necromantic magic, it inflicts extra damage on
   living creatures.
   Str:       It affects your strength (+7).
 U - a +0 demon trident of pain
Missiles
 d - 30 boomerangs (quivered)
 r - 130 poisoned darts
Armour
 c - a +5 tower shield of protection (worn)
 h - a +2 pair of gloves (worn)
 j - a +2 pair of boots (worn)
 y - the +8 orange crystal plate armour (worn) {Archmagi, Int+3 Clar}
   (You bought it in a shop on level 2 of the Orcish Mines)

   Int:       It affects your intelligence (+3).
   Clar:      It protects you against confusion.
 A - a +1 cloak of willpower (worn)
 C - +0 gold dragon scales
 V - a +0 pair of boots of flying
Jewellery
 a - the ring "Koxkam" {Ice rCorr Str+4}
   (You took it off a deep elf demonologist on level 2 of the Elven Halls)

   [ring of ice]

   It enhances your ice magic.
   Str:       It affects your strength (+4).
   rF:        It makes you vulnerable to fire.
   rC:        It protects you from cold.
   rCorr:     It protects you from acid and corrosion.
 b - a +4 ring of protection
 i - a +4 ring of protection (right hand)
 k - the ring of a Million Geomancers {Drain rPois rC- Will+++ Dex+6}
   (You found it on level 5 of the Vaults)

   [ring of dexterity]

   Dex:       It affects your dexterity (+6).
   rC:        It makes you vulnerable to cold.
   rPois:     It protects you from poison.
   Drain:     It drains your maximum health when unequipped.
   Will:      It greatly increases your willpower.
 n - an amulet of reflection (around neck)
 t - a ring of resist corrosion (left hand)
 v - a ring of poison resistance
 E - the ring "Xeneides" {Wiz rN+}
   (You found it in a treasure trove)

   [ring of wizardry]

   It improves your spell success rate.
   rN:        It protects you from negative energy.
 F - a +4 ring of evasion
 N - an amulet of guardian spirit
 S - the ring of Ucsoil {rF+ SInv}
   (You found it on level 2 of the Elven Halls)

   [ring of see invisible]

   rF:        It protects you from fire.
   SInv:      It lets you see invisible.
 T - a ring of positive energy
Wands
 K - a wand of paralysis (5)
Scrolls
 f - 20 scrolls of identify
 l - 2 scrolls of holy word
 m - a scroll of enchant weapon
 p - 11 scrolls of magic mapping
 x - 3 scrolls of silence
 z - a scroll of enchant armour
 I - 2 scrolls of fog
 M - 8 scrolls of fear
 Y - 5 scrolls of teleportation
Potions
 g - 2 potions of haste
 o - 5 potions of curing
 s - 6 potions of lignification
 u - 6 potions of might
 w - 2 potions of magic
 B - 2 potions of ambrosia
 D - 8 potions of resistance
 J - 5 potions of brilliance
 Q - 4 potions of attraction
 W - 3 potions of berserk rage
 X - 2 potions of invisibility
 Z - 8 potions of flight
Miscellaneous
 G - a phantom mirror
 H - a piece from Xom's chessboard (15/15)
 O - a phial of floods
 P - a phial of floods
 R - a condenser vane (inert)


   Skills:
 + Level 23.5 Fighting
 + Level 16.4 Polearms
 - Level 5.9 Throwing
 * Level 21.2 Armour
 + Level 5.3 Dodging
 - Level 26.5 Shields
 - Level 7.9 Invocations


You had 24 spell levels left.
You didn't know any spells.
Your spell library contained the following spells:

 Spells                   Type           Power      Damage    Failure   Level
 Animate Skeleton         Necr           0%         N/A       99%         1
 Apportation              Tloc           0%         N/A       99%         1
 Foxfire                  Conj/Fire      0%         2x1d4     99%         1
 Magic Dart               Conj           0%         1d3       99%         1
 Pain                     Necr           0%         1d4       99%         1
 Sandblast                Erth           0%         2d4       99%         1
 Slow                     Hex            0%         N/A       99%         1
 Summon Small Mammal      Summ           0%         N/A       99%         1
 Corpse Rot               Necr/Air       0%         N/A       99%         2
 Passwall                 Tmut/Erth      0%         N/A       99%         2
 Searing Ray              Conj           0%         2d4       99%         2
 Static Discharge         Conj/Air       0%         N/A       99%         2
 Sublimation of Blood     Necr           0%         N/A       99%         2
 Wereblood                Tmut           0%         N/A       99%         2
 Call Canine Familiar     Summ           0%         N/A       100%        3
 Confusing Touch          Hex            0%         N/A       100%        3
 Conjure Flame            Conj/Fire      0%         6-21      100%        3
 Ignite Poison            Fire/Tmut/Pois 0%         N/A       100%        3
 Inner Flame              Hex/Fire       0%         N/A       100%        3
 Mephitic Cloud           Conj/Pois/Air  0%         N/A       100%        3
 Portal Projectile        Hex/Tloc       0%         N/A       100%        3
 Stone Arrow              Conj/Erth      0%         3d7       100%        3
 Summon Guardian Golem    Hex/Summ       0%         N/A       100%        3
 Swiftness                Air            0%         N/A       100%        3
 Vampiric Draining        Necr           0%         2d6       100%        3
 Airstrike                Air            0%         N/A       100%        4
 Cause Fear               Hex            0%         N/A       100%        4
 Dispel Undead            Necr           0%         3d6       100%        4
 Flame Wave               Conj/Fire      0%         2d4       100%        4
 Fulminant Prism          Conj/Hex       0%         3d6       100%        4
 Leda's Liquefaction      Hex/Erth       0%         N/A       100%        4
 Olgreb's Toxic Radiance  Pois           0%         N/A       100%        4
 Summon Ice Beast         Ice/Summ       0%         N/A       100%        4
 Summon Lightning Spire   Summ/Air       0%         N/A       100%        4
 Blade Hands              Tmut           0%         N/A       100%        5
 Excruciating Wounds      Necr           0%         N/A       100%        5
 Freezing Cloud           Conj/Ice/Air   0%         6-21      100%        5
 Lightning Bolt           Conj/Air       0%         1d11      100%        5
 Summon Mana Viper        Hex/Summ       0%         N/A       100%        5
 Yara's Violent Unravell  Hex/Tmut       0%         3d3       100%        5
 Death Channel            Necr           0%         N/A       100%        6
 Iron Shot                Conj/Erth      0%         9d1       100%        6
 Starburst                Conj/Fire      0%         6d3       100%        6
 Malign Gateway           Summ/Tloc      0%         N/A       100%        7
 Monstrous Menagerie      Summ           0%         N/A       100%        7
 Orb of Destruction       Conj           0%         N/A       100%        7
 Spellforged Servitor     Conj/Summ      0%         N/A       100%        7
 Summon Hydra             Summ           0%         N/A       100%        7
 Borgnjor's Revivificati  Necr           0%         N/A       100%        8
 Maxwell's Capacitive Co  Air            0%         ∞         100%        8
 Necromutation            Tmut/Necr      0%         N/A       100%        8
 Summon Horrible Things   Summ           0%         N/A       100%        8
 Death's Door             Necr           0%         N/A       100%        9
 Shatter                  Erth           0%         3d5*      100%        9


Dungeon Overview and Level Annotations

Branches:
Dungeon (15/15)            Temple (1/1) D:5            Lair (6/6) D:10
  Swamp (4/4) Lair:4        Snake (4/4) Lair:3        Slime (3/5) Lair:6
    Orc (2/2) D:11            Elf (2/3) Orc:2        Vaults (5/5) D:13
  Crypt (0/3) Vaults:3     Depths (4/4) D:15            Zot (5/5) Depths:4

Altars:
Ashenzari
Cheibriados
Fedhas
Hepliaklqana
Kikubaaqudgha
Makhleb
Okawaru
Qazlal
Ru
Vehumet
Wu Jian
Beogh

Shops:
D:3 (   D:4 !   D:10 :   Orc:2 [(:*   Elf:1 [   Snake:2 (   Snake:3 =*
Depths:1 ![?(   Depths:2 :=:=

Portals:
Hell: Depths:1 Depths:2 Depths:3 Depths:4
Abyss: Swamp:3 Depths:1 Depths:3 Depths:4
Pandemonium: Depths:2 Depths:4
Ziggurat: Depths:4

Annotations:
Lair:6 exclusion: obsidian statue
Swamp:3 2 transporters, Kebab's ghost, adept MfGl


Innate Abilities, Weirdness & Mutations

You have a pair of large horns on your head.
A powerful demonic guardian rushes to your aid.
You can hurl damnation.
You regenerate a lot of health from kills.
You are resistant to unholy torment.
You are completely covered in razor-sharp scales. (AC +3, Slay +3)
You punish those that try to bend your will. (Will+)
You have very sharp teeth.
You tend to lose your temper in combat.
You are clumsy. (Dex -2)
Your body often deteriorates upon taking damage.
Your magical capacity is very low. (-20% MP)
You are very weak. (Str -4)
Potions are less effective at restoring your health.
Your movements are slightly less encumbered by armour. (ER -2)
You have hidden genetic defects.


Message History

The large abomination is engulfed in freezing vapours.
The large abomination is engulfed in freezing vapours.
You block the large abomination's attack.
The large abomination is engulfed in freezing vapours.
You puncture the large abomination!
The large abomination is severely damaged.
The large abomination is engulfed in freezing vapours.
You destroy the large abomination!
Qazlal accepts your kill.
The large abomination is engulfed in freezing vapours.
You block the large abomination's attack.
You puncture the large abomination!
The large abomination is severely damaged.
The large abomination is engulfed in freezing vapours.
You block the large abomination's attack.
You hit the large abomination.
You headbutt the large abomination, but do no damage.
The large abomination is almost destroyed.
You hit the large abomination.
The large abomination is almost destroyed.
The large abomination is engulfed in freezing vapours.
You destroy the large abomination!
Qazlal accepts your kill.
A shadow demon, a demonspawn blood saint and a demonspawn corrupter come into view.
The demonspawn corrupter is wielding a +2 demon trident of draining.
The demonspawn blood saint shouts!
The demonspawn corrupter calls forth creatures from the Realm of Zot!
The shadow demon is engulfed in freezing vapours.
Your protection from physical attacks is fading.
The golden dragon is engulfed in blazing flames.
The golden dragon bites you! You block the golden dragon's attack.
The golden dragon tramples you but does no damage.
The golden dragon is engulfed in blazing flames.
You see here a staff of earth.
The demonspawn corrupter is engulfed in blazing flames.
The golden dragon breathes fire at you. The bolt of fire hits you! You resist.
You feel less protected from physical attacks.
There is a staircase leading out of the dungeon here.
You have escaped!

######.##...######...#...#
#............# ##.###...
#.#..#######.# #.# #...
#.#..#######.# #.# #.##
#.##.........# #.# #.#
#.##.######### #.# #.#
#.##.#....2.# #.###.#
#.##.#.####.# #.....##
#.##.#.#.@#.# #>......
#.##.#....#.# #.######
#.##.######2# #.# #
#.##6.62D...## #.# #
#...y######..# #.# #
##...######..# #.# #
#..6...6....# #.# #
#...##############.# #
#.####.............# ##


There were no monsters in sight!

Vanquished Creatures
  4 dread liches
  7 orbs of fire
  2 ancient liches (Zot:5)
  3 juggernauts
  Bai Suzhen (Swamp:2)
  2 Killer Klowns
  3 curse toes
  Vashnia (Snake:3)
  Saint Roka (Orc:2)
  6 caustic shrikes
  4 golden dragons
  The ghost of ma3 the Warrior, an adept HOFi of Beogh (Depths:1)
  4 electric golems
  15 tentacled monstrosities
  A Hell Sentinel (Depths:3)
  26 Orb Guardians (Zot:5)
  A lich (Depths:2)
  9 quicksilver dragons
  Asterion (Snake:3)
  A deep elf blademaster (Elf:2)
  A walking divine tome (Depths:3)
  4 titans
  5 acid blobs
  6 death cobs
  An ancient champion (Depths:1)
  8 sphinxes
  An Executioner (D:1)
  8 shadow dragons
  11 tengu reavers
  13 storm dragons
  Donald (Swamp:2)
  2 fenstrider witches
  3 frost giants
  4 azure jellies
  5 draconian monks
  The ghost of DEFE the Eclecticist, an adept DECA of Vehumet (Swamp:2)
  2 rockslimes
  A ghost moth (Zot:5)
  3 nagarajas
  9 fire giants
  4 draconian knights
  2 draconian scorchers
  2 iron dragons (Vaults:5)
  Aizul (Snake:4)
  20 vault wardens
  A deep elf sorcerer (Depths:1)
  Louise (Snake:1)
  6 orc warlords
  6 draconian shifters
  A draconian stormcaller (Zot:3)
  19 ironbound preservers
  A cacodemon (Depths:4)
  2 ghouls (Lair:4)
  A juggernaut zombie (Depths:1)
  A spriggan defender (Depths:3)
  25 very ugly things
  2 quicksilver oozes
  10 stone giants
  2 war gargoyles (Vaults:5)
  7 green draconians
  6 eleionomae
  3 deep elf demonologists
  5 ironbound thunderhulks
  3 vampire knights
  14 black draconians
  3 yellow draconians
  A lorocyproca (Zot:5)
  10 red draconians
  An entropy weaver (Vaults:3)
  8 spark wasps (Depths:3)
  13 white draconians
  3 deep elf annihilators
  3 bunyips
  17 dire elephants
  9 purple draconians
  4 deep elf death magi
  Snorg (D:13)
  12 ettins
  Josephine (D:13)
  15 yaktaur captains
  2 rakshasas
  2 deep elf high priests
  3 fire dragons
  10 ice dragons
  9 great orbs of eyes
  16 hydras
  A salamander tyrant (Snake:4)
  36 vault guards
  10 naga warriors
  Fannar (Lair:3)
  A hell beast (Depths:1)
  13 ironbound frosthearts
  A caustic shrike simulacrum (Depths:1)
  7 boulder beetles
  3 peacekeepers
  An ogre mage (D:15)
  6 spriggan air magi
  11 anacondas
  2 catoblepae
  7 alligators
  18 centaur warriors
  8 two-headed ogres
  2 death knights (Vaults:3)
  15 dancing weapons
  A two-headed ogre (shapeshifter) (Elf:1)
  6 tengu warriors
  9 deep troll shamans
  12 deep troll earth magi
  7 death yaks
  3 hell hogs
  12 naga sharpshooters
  3 orc high priests
  4 hell knights (Depths:2)
  A vampire mage (Depths:1)
  11 shock serpents
  A spectral dire elephant (Lair:6)
  Nergalle (Orc:2)
  A soul eater (Depths:2)
  3 spriggan berserkers
  A fire crab (Lair:5)
  2 sun demons (Depths:4)
  15 deep elf knights
  A shadow wraith (Vaults:3)
  9 skeletal warriors
  11 iron trolls
  A death drake (shapeshifter) (Vaults:5)
  A death drake (Swamp:3)
  2 salamander mystics
  2 glowing orange brains (Depths:3)
  66 deep trolls
  A goliath frog (Swamp:1)
  4 spriggan druids
  4 swamp dragons
  2 phantasmal warriors
  9 sea snakes (Snake:3)
  2 bog bodies
  2 flayed ghosts
  5 naga ritualists
  10 wizards
  15 necromancers
  12 lindwurms
  9 deep elf archers
  20 deep elf pyromancers
  19 deep elf zephyrmancers
  A harpy (Vaults:1)
  A sphinx zombie (Depths:1)
  16 ironbound convokers
  7 orc knights
  5 will-o-the-wisps
  50 ugly things
  6 orc sorcerers
  8 mana vipers
  4 cyclopes
  2 fire giant zombies (Vaults:3)
  2 stone giant zombies
  2 tengu skeletons
  13 salamanders
  3 shining eyes
  2 dire elephant zombies (Lair:6)
  A salamander (shapeshifter) (D:15)
  12 elephants (Lair:6)
  31 moths of wrath
  A fire giant skeleton (Depths:1)
  Maurice (D:9)
  A sphinx skeleton (Vaults:4)
  6 guardian serpents
  An eye of devastation (Slime:1)
  11 naga magi
  A moth of wrath (shapeshifter) (Depths:1)
  3 manticores
  26 vault sentinels
  26 black mambas
  An elf zombie (Vaults:2)
  A torpor snail (Lair:6)
  A black mamba (shapeshifter) (Vaults:2)
  17 cane toads
  Joseph (D:10)
  Maggie (D:9)
  A smoke demon (D:15)
  A gargoyle (D:13)
  A rust devil (Depths:4)
  4 rime drakes
  2 efreet (D:14)
  10 komodo dragons
  25 yaktaurs
  An ice devil (Depths:4)
  A tormentor (D:7)
  A hellwing (Depths:4)
  7 freezing wraiths
  11 trolls
  6 tyrant leeches
  2 polar bears
  A polar bear (shapeshifter) (D:15)
  A tarantella (shapeshifter) (Vaults:5)
  A bloated husk (Swamp:4)
  7 hornets
  59 slime creatures
  14 dream sheep (Lair:6)
  3 spectral elephants (Lair:6)
  4 blink frogs (Lair:3)
  A dream sheep (shapeshifter) (Vaults:4)
  Sigmund (D:3)
  An ettin skeleton (Depths:1)
  12 spriggans
  5 water elementals
  An air elemental (Elf:1)
  A shadow (D:11)
  A vampire (D:9)
  62 yaks
  Grum (D:9)
  7 basilisks
  5 fire elementals
  12 golden eyes
  4 wyverns
  6 wraiths
  A neqoxec (Depths:4)
  3 steam dragons (D:7)
  A hog (shapeshifter) (Depths:3)
  A human (shapeshifter) (D:14)
  4 swamp worm simulacra (Swamp:4)
  2 elf skeletons
  11 vampire mosquitoes
  3 chaos spawn
  2 redbacks (Vaults:3)
  16 swamp worms
  14 hydra simulacra (Swamp:4)
  20 nagas
  7 human zombies
  8 wargs
  3 large abominations (D:1)
  2 floating eyes (Depths:3)
  2 swamp drakes (Swamp:1)
  42 orc warriors
  3 ice beasts
  3 sky beasts (D:7)
  2 necrophages
  19 water moccasins
  2 black bears
  11 ogres
  8 wolves
  An elephant skeleton (Lair:6)
  11 centaurs
  A phantom (D:6)
  2 kobold brigands
  2 scorpions
  13 bullfrogs
  2 cane toad simulacra (Lair:6)
  9 killer bees
  4 wights (D:8)
  3 electric eels
  8 howler monkeys
  2 bullfrog zombies (D:6)
  4 centaur zombies
  A human simulacrum (Vaults:4)
  A jelly (D:5)
  25 orc priests
  2 bullfrog skeletons (D:5)
  An iguana (D:6)
  28 orc wizards
  Natasha (thrice) (D:2)
  A howler monkey skeleton (D:5)
  6 adders
  3 gnolls (D:5)
  A white imp (D:8)
  4 swamp drake simulacra (Swamp:4)
  A worm (D:4)
  105 orcs
  2 endoplasms
  2 giant cockroaches
  2 goblins
  5 hobgoblins
  7 jackals
  2 quokkas (D:4)
  6 ball pythons
  10 bats
  11 kobolds
  4 rats
  A bush (Depths:1)
  A butterfly (Lair:3)
1948 creatures vanquished.

Vanquished Creatures (collateral kills)
  2 orbs of fire (Zot:5)
  A tentacled monstrosity (Vaults:5)
  A titan (Vaults:4)
  An Orb Guardian (Zot:5)
  A nagaraja (Snake:4)
  An azure jelly (Swamp:4)
  A frost giant (Depths:3)
  A spriggan defender (Depths:3)
  A juggernaut skeleton (Depths:1)
  2 dire elephants (Lair:6)
  2 crystal guardians
  A fire dragon (Depths:1)
  A shambling mangrove (Swamp:4)
  A deep elf high priest (Elf:2)
  A centaur warrior (D:15)
  7 dancing weapons (Elf:2)
  2 spriggan berserkers (Depths:3)
  A spriggan (Depths:3)
  A deep elf knight (Elf:2)
  A skeletal warrior (D:11)
  A spectral anaconda (Lair:6)
  A deep troll (Depths:3)
  A swamp dragon (Swamp:3)
  3 deep elf pyromancers (Elf:2)
  4 deep elf zephyrmancers
  A mana viper (Snake:1)
  A moth of wrath (Zot:5)
  A naga mage (Snake:3)
  A vault sentinel (Vaults:3)
  A yaktaur (Vaults:2)
  A hornet (Depths:3)
  A slime creature (Slime:2)
  A yak (D:12)
  A shadow (D:11)
  A water elemental (Elf:2)
  2 nagas (Snake:3)
  2 hydra simulacra (Swamp:4)
  2 centaurs (D:15)
  A phantom (D:7)
  A killer bee (D:6)
  An orc priest (D:12)
  An orc (D:12)
  A kobold (D:7)
  A bat (D:2)
  A rat (D:3)
63 creatures vanquished.

Vanquished Creatures (others)
  A dancing weapon (Elf:2)
  A wizard (Vaults:2)
  A deep elf zephyrmancer (Elf:2)
  2 bloated husks (Swamp:1)
  An orc (Orc:2)
  A bush (Lair:4)
  30 foxfires
  48 fungi
  74 plants
  33 withered plants (Lair:6)
192 creatures vanquished.

Grand Total: 2203 creatures vanquished

Notes
Turn   | Place    | Note
-------+----------+-------------------------------------------
     0 | D:1      | earlgrey the Demonspawn Fighter began the quest for the
                  | Orb.
     0 | D:1      | Reached XP level 1. HP: 18/18 MP: 1/1
   168 | D:1      | Gained mutation: You are partially covered in razor-sharp
                  | scales. (AC +1, Slay +1) [demonic ancestry]
   168 | D:1      | Reached XP level 2. HP: 24/24 MP: 2/2
  1041 | D:2      | Found a blossoming altar of Fedhas.
  1085 | D:2      | Found a faded altar of an unknown god.
  1092 | D:2      | Reached XP level 3. HP: 29/29 MP: 3/3
  1099 | D:2      | Noticed Natasha
  1112 | D:2      | Killed Natasha
  1113 | D:2      | Reached skill level 3 in Shields
  1128 | D:2      | Noticed Natasha
  1133 | D:2      | Killed Natasha
  1134 | D:2      | Gained mutation: A weak demonic guardian rushes to your
                  | aid. [demonic ancestry]
  1134 | D:2      | Reached XP level 4. HP: 31/35 MP: 4/4
  1451 | D:2      | Noticed Natasha
  1467 | D:2      | Killed Natasha
  1925 | D:3      | Noticed Sigmund
  2718 | D:4      | Reached XP level 5. HP: 41/41 MP: 5/5
  2753 | D:4      | Found Seickiti's Distillery.
  2830 | D:4      | Found an ornate altar of the Wu Jian Council.
  3097 | D:5      | Entered Level 5 of the Dungeon
  3360 | D:5      | Found a stormy altar of Qazlal.
  3365 | D:5      | Found a blossoming altar of Fedhas.
  3426 | D:5      | Gained mutation: You have a pair of small horns on your
                  | head. [demonic ancestry]
  3426 | D:5      | Reached XP level 6. HP: 48/48 MP: 6/6
  3449 | D:5      | Became a worshipper of Qazlal Stormbringer
  3469 | D:5      | Noticed an ice beast
  3490 | D:5      | Killed an ice beast
  3604 | D:5      | Reached skill level 5 in Polearms
  3683 | D:5      | Reached XP level 7. HP: 54/54 MP: 7/7
  4198 | D:5      | Found a staircase to the Ecumenical Temple.
  5745 | D:6      | Gained mutation: A demonic guardian rushes to your aid.
                  | [demonic ancestry]
  5745 | D:6      | Reached XP level 8. HP: 61/61 MP: 8/8
  6515 | D:7      | Reached skill level 5 in Fighting
  6762 | D:7      | Reached skill level 4 in Shields
  7000 | D:7      | Reached skill level 5 in Armour
  7277 | D:7      | Reached * piety under Qazlal
  7433 | D:7      | Gained mutation: You are mostly covered in razor-sharp
                  | scales. (AC +2, Slay +2) [demonic ancestry]
  7433 | D:7      | Reached XP level 9. HP: 55/68 MP: 9/9
  7576 | D:7      | Reached skill level 1 in Throwing
  8147 | D:8      | Found an ancient bone altar of Kikubaaqudgha.
  8524 | D:8      | Identified the +6 hunting sling of Peadu {vorpal, rPois
                  | Str+4 Dex-3}
  8710 | D:8      | Found a runed translucent door.
  8912 | D:8      | Reached ** piety under Qazlal
  8919 | D:8      | Reached skill level 10 in Polearms
  9559 | D:9      | You fall into a shaft and drop 1 floor!
  9559 | D:10     | Entered Level 10 of the Dungeon
  9562 | D:10     | Noticed Grum
  9586 | D:9      | Noticed Maurice
  9599 | D:9      | Killed Maurice
  9600 | D:9      | Gained mutation: You are completely covered in razor-sharp
                  | scales. (AC +3, Slay +3) [demonic ancestry]
  9600 | D:9      | Reached XP level 10. HP: 58/76 MP: 10/10
  9872 | D:9      | Found a hazy altar of Hepliaklqana.
  9930 | D:9      | Killed Grum
 10101 | D:9      | Noticed Maggie
 10116 | D:9      | Killed Maggie
 10554 | D:10     | Noticed a two-headed ogre
 10595 | D:10     | Found Nuup's Book Boutique.
 10618 | D:10     | Reached *** piety under Qazlal
 10690 | D:10     | Reached skill level 5 in Shields
 10761 | D:10     | Found a staircase to the Lair.
 10774 | D:10     | Killed a two-headed ogre
 10887 | D:10     | Noticed Joseph
 10895 | D:10     | Killed Joseph
 11057 | D:10     | Found a snail-covered altar of Cheibriados.
 11565 | D:11     | Found a staircase to the Orcish Mines.
 11738 | D:11     | Gained mutation: You regenerate a little health from kills.
                  | [demonic ancestry]
 11738 | D:11     | Reached XP level 11. HP: 77/84 MP: 11/11
 12536 | D:12     | Noticed a skeletal warrior
 12536 | D:12     | Noticed a skeletal warrior
 12543 | D:12     | Noticed a skeletal warrior
 12543 | D:12     | Noticed a skeletal warrior
 12563 | D:12     | Noticed a skeletal warrior
 12576 | D:12     | Killed a skeletal warrior
 12604 | D:11     | Killed a skeletal warrior
 12775 | D:11     | Killed a skeletal warrior
 12958 | D:11     | Killed a skeletal warrior
 12959 | D:11     | Reached skill level 6 in Shields
 13234 | D:12     | Killed a skeletal warrior
 13573 | D:12     | Reached **** piety under Qazlal
 14042 | D:12     | Found an iron altar of Okawaru.
 14333 | D:12     | Gained mutation: A powerful demonic guardian rushes to your
                  | aid. [demonic ancestry]
 14333 | D:12     | Reached XP level 12. HP: 93/94 MP: 12/12
 14836 | D:13     | Noticed a two-headed ogre
 14843 | D:13     | Killed a two-headed ogre
 14874 | D:13     | Noticed a boulder beetle
 15007 | Lair:1   | Entered Level 1 of the Lair of Beasts
 15355 | Lair:1   | Reached skill level 7 in Shields
 15756 | Lair:2   | Reached skill level 1 in Invocations
 16005 | Lair:2   | Got the Catalogue of the Escort and Enchantment
 16316 | Lair:2   | Noticed a six-headed hydra
 16329 | Lair:2   | Killed a six-headed hydra
 16542 | Lair:3   | Reached ***** piety under Qazlal
 16628 | Lair:3   | Found a staircase to the Snake Pit.
 17058 | Lair:3   | Reached skill level 10 in Fighting
 17109 | Lair:3   | Noticed Fannar
 17116 | Lair:3   | Killed Fannar
 17757 | Lair:4   | Reached XP level 13. HP: 104/104 MP: 16/16
 17895 | Lair:4   | Found a staircase to the Swamp.
 17979 | Lair:4   | Reached skill level 8 in Shields
 17992 | Lair:4   | Noticed a dire elephant
 18005 | Lair:4   | Killed a dire elephant
 19174 | Lair:5   | Found the +11 plutonium sword {Contam Stlth-}
 19568 | Lair:6   | Entered Level 6 of the Lair of Beasts
 19612 | Lair:6   | Reached ****** piety under Qazlal
 19705 | Lair:6   | Found the +8 Wrath of Trog {antimagic, *Rage Rampage}
 19710 | Lair:6   | Found a staircase to the Slime Pits.
 19728 | Lair:6   | Gained mutation: You punish those that try to bend your
                  | will. (Will+) [demonic ancestry]
 19728 | Lair:6   | Reached XP level 14. HP: 118/118 MP: 17/17
 19943 | Lair:6   | Reached skill level 10 in Armour
 20940 | Lair:6   | Reached skill level 15 in Fighting
 21843 | Orc:1    | Entered Level 1 of the Orcish Mines
 21857 | Orc:1    | Noticed an orc warlord
 21884 | D:11     | Killed an orc warlord
 21998 | D:11     | Identified a scroll of acquirement
 21998 | D:11     | Acquired a +2 cloak of stealth
 22415 | Orc:1    | Reached skill level 9 in Shields
 22680 | Orc:1    | Noticed an orc warlord
 22762 | D:11     | Killed an orc warlord
 23266 | Orc:2    | Entered Level 2 of the Orcish Mines
 23287 | Orc:1    | Reached XP level 15. HP: 130/130 MP: 18/18
 23480 | Orc:2    | Noticed an orc warlord
 23507 | Orc:1    | Killed an orc warlord
 23698 | Orc:2    | Noticed Nergalle
 23716 | Orc:2    | Killed Nergalle
 23812 | Orc:2    | Found Rull's Antique Armour Shop.
 23840 | Orc:2    | Found Duzxoym's Book Shop.
 23852 | Orc:2    | Found a staircase to the Elven Halls.
 23864 | Orc:2    | Noticed Saint Roka
 23866 | Orc:2    | Noticed an orc warlord
 24607 | Orc:1    | Reached skill level 10 in Shields
 24849 | Orc:2    | Killed an orc warlord
 25034 | Orc:2    | Killed Saint Roka
 25183 | Orc:2    | Found Mufid's General Store.
 25413 | Orc:2    | Found Apryufaa's Antique Weapon Shop.
 25624 | Swamp:1  | Entered Level 1 of the Swamp
 25692 | Lair:4   | Reached skill level 5 in Invocations
 26043 | Lair:4   | Reached skill level 5 in Throwing
 27090 | Swamp:1  | Reached skill level 11 in Shields
 27419 | Swamp:1  | Noticed a fenstrider witch
 27431 | Swamp:1  | Killed a fenstrider witch
 27789 | Swamp:1  | Found the +8 lance "Wyrmbane" {slay drac, rPois rF+ rC+
                  | AC+3}
 28512 | Swamp:1  | Reached skill level 12 in Shields
 28567 | Swamp:2  | Found a runed translucent gate.
 28568 | Swamp:2  | Found a runed translucent gate.
 28569 | Swamp:2  | Found a runed translucent gate.
 28570 | Swamp:2  | Noticed DEFE's ghost (adept DECA)
 28572 | Swamp:2  | Found the +5 demon whip "Spellbinder" {antimagic, Will+}
 29392 | Swamp:2  | Killed DEFE's ghost
 29430 | Swamp:3  | Noticed Donald
 29456 | Swamp:2  | Gained mutation: You have a pair of horns on your head.
                  | [demonic ancestry]
 29456 | Swamp:2  | Reached XP level 16. HP: 114/139 MP: 20/20
 29550 | Swamp:2  | Killed Donald
 29754 | Swamp:3  | Found a transporter.
 29862 | Swamp:3  | Noticed Bai Suzhen
 29914 | Swamp:2  | Killed Bai Suzhen
 29958 | Swamp:3  | Found a transporter.
 30107 | Swamp:3  | Found a one-way gate to the infinite horrors of the Abyss.
 30219 | Swamp:3  | Noticed Kebab's ghost (adept MfGl)
 30350 | Swamp:4  | Entered Level 4 of the Swamp
 30398 | Swamp:3  | Reached skill level 13 in Shields
 30533 | Swamp:3  | Upgraded the game from 0.28-a0-1236-gb25a51b929 to
                  | 0.28-a0-1286-g6bde065e89
 31215 | Swamp:4  | Got a decaying rune of Zot
 31915 | Snake:1  | Entered Level 1 of the Snake Pit
 32676 | Snake:1  | Acquired 676 gold pieces
 33058 | Snake:1  | Noticed Louise
 33085 | Snake:1  | Killed Louise
 33650 | Snake:2  | Reached skill level 14 in Shields
 34314 | Snake:2  | Identified the +4 quarterstaff "Cuqoizec" {flame, rC+ rN+}
 34526 | Snake:2  | Found Xeaghodd's Antique Weapon Shop.
 34807 | Snake:3  | Found Lonots's One-of-a-Kind Rings.
 34817 | Snake:3  | Found Icsothroc's CLEARANCE SALE!.
 35134 | Snake:3  | Gained mutation: You regenerate health from kills. [demonic
                  | ancestry]
 35134 | Snake:3  | Reached XP level 17. HP: 147/147 MP: 21/21
 35141 | Snake:3  | Noticed Asterion
 35168 | Snake:3  | Killed Asterion
 35596 | Snake:3  | Reached skill level 15 in Shields
 35997 | Snake:3  | Noticed Vashnia
 36043 | Snake:3  | Killed Vashnia
 36650 | Snake:4  | Entered Level 4 of the Snake Pit
 36658 | Snake:4  | Noticed Aizul
 36675 | Snake:4  | Killed Aizul
 37048 | Snake:4  | Reached skill level 1 in Dodging
 37164 | Snake:4  | Reached skill level 16 in Shields
 37841 | Snake:4  | Noticed a quicksilver dragon
 37841 | Snake:4  | Noticed a quicksilver dragon
 37852 | Snake:4  | Killed a quicksilver dragon
 38226 | Snake:4  | Killed a quicksilver dragon
 38416 | Snake:4  | Got a serpentine rune of Zot
 38749 | Temple   | Entered the Ecumenical Temple
 39079 | D:13     | Noticed Snorg
 39089 | D:13     | Killed Snorg
 39680 | D:13     | Reached XP level 18. HP: 156/156 MP: 23/23
 39709 | D:13     | Found a gate to the Vaults.
 39803 | D:13     | Noticed Josephine
 39820 | D:13     | Killed Josephine
 40841 | D:15     | Entered Level 15 of the Dungeon
 40883 | D:15     | Reached skill level 17 in Shields
 41730 | D:15     | Found a staircase to the Depths.
 41823 | Vaults:1 | Entered Level 1 of the Vaults
 43118 | Vaults:1 | Identified the +4 hand axe of Resourcefulness {vamp, Dex+7}
 43233 | Vaults:1 | Found a portal to a secret trove of treasure.
 44234 | Vaults:1 | You paid a toll of a +5 demon whip to enter a treasure
                  | trove
 44235 | Trove    | Entered a treasure trove
 44306 | Trove    | Identified the ring "Xeneides" {Wiz rN+}
 44466 | Vaults:1 | Reached skill level 18 in Shields
 45402 | Slime:1  | Entered Level 1 of the Pits of Slime
 45423 | Lair:6   | Reached XP level 19. HP: 161/165 MP: 24/24
 45504 | Slime:1  | Gained mutation: You occasionally shout uncontrollably at
                  | your foes. [a shining eye]
 45508 | Slime:1  | Gained mutation: You are occasionally teleported next to
                  | monsters. [a shining eye]
 45510 | Slime:1  | Gained mutation: Your body sometimes deteriorates upon
                  | taking damage. [a shining eye]
 45675 | Slime:1  | You fall into a shaft and drop 1 floor!
 46717 | Slime:2  | HP: 1/165 [rockslime (24)]
 46728 | Slime:1  | Gained mutation: Armour fits poorly on your strangely
                  | shaped body. [a shining eye]
 47384 | Elf:1    | Entered Level 1 of the Elven Halls
 47453 | Elf:1    | Found a radiant altar of Vehumet.
 47599 | Elf:1    | Found Rowinasm's Antique Armour Shoppe.
 48295 | Elf:1    | Got the Tome of the Entourage
 48339 | Elf:1    | Reached skill level 5 in Dodging
 48356 | Elf:1    | Paralysed by an air elemental for 1 turns
 48867 | Elf:1    | Reached skill level 19 in Shields
 48907 | Elf:2    | Identified the ring of Ucsoil {rF+ SInv}
 49103 | Elf:2    | Identified the ring "Koxkam" {Ice rCorr Str+4}
 49384 | Orc:2    | Bought the +8 orange crystal plate armour {Archmagi, Int+3
                  | Clar} for 4913 gold pieces
 49384 | Orc:2    | Found the +8 orange crystal plate armour {Archmagi, Int+3
                  | Clar}
 50114 | Elf:2    | Reached skill level 15 in Armour
 50419 | Elf:2    | Found a runed translucent gate.
 50419 | Elf:2    | Found a runed translucent gate.
 50420 | Elf:2    | Found a runed translucent gate.
 50605 | Elf:2    | HP: 5/143 [+2 triple sword of draining (5)]
 50616 | Elf:2    | HP: 6/144 [+3 halberd of flaming (11)]
 50957 | D:4      | Bought a potion of heal wounds for 70 gold pieces
 51253 | Vaults:1 | Reached XP level 20. HP: 160/161 MP: 25/25
 51955 | Vaults:1 | Lost mutation: You occasionally shout uncontrollably at
                  | your foes. [potion of mutation]
 51955 | Vaults:1 | Lost mutation: Your body sometimes deteriorates upon taking
                  | damage. [potion of mutation]
 51955 | Vaults:1 | Gained mutation: Your movements are slightly less
                  | encumbered by armour. (ER -2) [potion of mutation]
 52198 | Vaults:2 | Reached skill level 20 in Shields
 53103 | Vaults:2 | Identified the +12 battleaxe of Impermanence {vamp, Str+3}
 54217 | Vaults:3 | Reached skill level 21 in Shields
 54472 | Vaults:3 | Gained mutation: You have a pair of large horns on your
                  | head. [demonic ancestry]
 54472 | Vaults:3 | Reached XP level 21. HP: 142/183 MP: 26/26
 55135 | Vaults:3 | Found a staircase to the Crypt.
 57041 | D:4      | Bought a potion of curing for 42 gold pieces
 57041 | D:4      | Bought a potion of heal wounds for 70 gold pieces
 57240 | Orc:2    | Bought 2 potions of might for 136 gold pieces
 57240 | Orc:2    | Bought a scroll of teleportation for 51 gold pieces
 58091 | Vaults:4 | Identified the +6 war axe of Yhub {flame, rPois}
 58239 | Vaults:4 | Identified the +7 scale mail "Put-Me-On" {Rampage Will+++
                  | Slay-4}
 58610 | Vaults:5 | Entered Level 5 of the Vaults
 58698 | Vaults:4 | Reached skill level 22 in Shields
 58752 | Vaults:5 | Noticed a dread lich
 58792 | Vaults:5 | Paralysed by a dread lich for 3 turns
 58831 | Vaults:4 | Killed a dread lich
 60484 | Vaults:5 | Identified the +8 short sword of Parts Unknown {spect, rC+
                  | Dex+5}
 60597 | Vaults:4 | Gained mutation: You are resistant to unholy torment.
                  | [demonic ancestry]
 60597 | Vaults:4 | Reached XP level 22. HP: 105/192 MP: 27/27
 61038 | Vaults:5 | Identified the ring "Nabboos" {Will- rCorr Int-2 Dex+8}
 61367 | Vaults:5 | Noticed a golden dragon
 61377 | Vaults:5 | Killed a golden dragon
 61610 | Vaults:5 | Reached skill level 23 in Shields
 62165 | Vaults:5 | Identified the +7 great sword of Qinn {holy, rF++ rCorr
                  | Stlth-}
 62286 | Vaults:5 | Got a silver rune of Zot
 62356 | Vaults:5 | Identified the +5 trident of Zurruor {pain, Str+7}
 62359 | Vaults:5 | Got the Papyrus of Neurosis
 62364 | Vaults:5 | Identified the amulet "Haalya" {Reflect Harm rF+ rC+ SH+5}
 62414 | Vaults:5 | Identified the ring of Ytousezu {Will+ Str+2 Dex+4 Stlth+}
 62565 | Vaults:5 | Identified the ring of a Million Geomancers {Drain rPois
                  | rC- Will+++ Dex+6}
 63095 | Vaults:5 | Found the +6 shillelagh "Devastator" {shatter}
 63103 | Vaults:5 | Identified the +7 hunting sling of Nuduf {vorpal, Stlth+}
 63622 | D:3      | Killed Sigmund
 63681 | D:3      | Found Hicroi's Weapon Shop.
 64052 | Depths:1 | Entered Level 1 of the Depths
 64317 | Depths:1 | Noticed ma3's ghost (adept HOFi)
 64323 | Depths:1 | Found a runed translucent door.
 64447 | Depths:1 | Found Peduzu's Armour Boutique.
 64451 | Depths:1 | Found Wugh's Antique Weapon Shop.
 64451 | Depths:1 | Found Bisodoma's Distillery.
 64463 | Depths:1 | Bought a +2 tower shield of protection for 258 gold pieces
 64468 | Depths:1 | Found Jecwarer's Magic Scroll Shop.
 64476 | Depths:1 | Bought a scroll of teleportation for 57 gold pieces
 64476 | Depths:1 | Bought a scroll of teleportation for 57 gold pieces
 64479 | Depths:1 | Bought a potion of heal wounds for 60 gold pieces
 64479 | Depths:1 | Bought a potion of curing for 36 gold pieces
 64479 | Depths:1 | Bought a potion of might for 48 gold pieces
 64479 | Depths:1 | Bought a potion of heal wounds for 60 gold pieces
 64479 | Depths:1 | Bought a potion of might for 48 gold pieces
 64893 | Depths:1 | Found a gateway to Hell.
 65044 | Depths:1 | Killed ma3's ghost
 65058 | Depths:1 | Got the Compendium of Earth
 65233 | Depths:2 | Found Fulieca's Jewellery Shoppe.
 65234 | Depths:2 | Found Upun's Book Boutique.
 65258 | Depths:2 | Found Can Ufas's Jewellery Shoppe.
 65757 | Depths:2 | Found Nuimuxe's Self-Improvement Boutique.
 66046 | Depths:2 | Found a one-way gate leading to the halls of Pandemonium.
 66681 | Depths:3 | Paralysed by a floating eye for 2 turns
 66692 | Depths:3 | Paralysed by a floating eye for 3 turns
 66700 | Depths:3 | Noticed a juggernaut
 66704 | Depths:3 | Paralysed by a floating eye for 3 turns
 66706 | Depths:3 | HP: 7/193 [juggernaut (22)]
 66718 | Depths:3 | Killed a juggernaut
 66719 | Depths:3 | Reached XP level 23. HP: 51/201 MP: 28/28
 66730 | Depths:3 | Reached skill level 24 in Shields
 67876 | Depths:3 | Noticed a dread lich
 67911 | Depths:3 | Killed a dread lich
 67997 | Depths:3 | Identified the +8 mace of Atynosti {drain, Fly rN+ rCorr
                  | Int+4}
 68000 | Depths:3 | Noticed a caustic shrike
 68000 | Depths:3 | Noticed a caustic shrike
 68015 | Depths:3 | Killed a caustic shrike
 68029 | Depths:3 | Killed a caustic shrike
 68044 | Depths:3 | Noticed a caustic shrike
 68047 | Depths:3 | Noticed a caustic shrike
 68058 | Depths:3 | Killed a caustic shrike
 68067 | Depths:3 | Killed a caustic shrike
 68221 | Depths:4 | Entered Level 4 of the Depths
 68312 | Depths:4 | Noticed a dread lich
 68312 | Depths:4 | Noticed a dread lich
 68313 | Depths:4 | Found a one-way gateway to a ziggurat.
 68342 | Depths:4 | Noticed a juggernaut
 68358 | Depths:4 | Killed a juggernaut
 68480 | Depths:4 | Found a broken altar of Ashenzari.
 68633 | Depths:4 | Noticed a caustic shrike
 68643 | Depths:4 | Noticed a caustic shrike
 68655 | Depths:4 | Killed a caustic shrike
 68662 | Depths:4 | Killed a caustic shrike
 68712 | Depths:4 | Found a gate to the Realm of Zot.
 68770 | Depths:4 | Noticed a juggernaut
 68793 | Depths:4 | Killed a juggernaut
 68806 | Depths:4 | Reached skill level 25 in Shields
 68831 | Depths:4 | Found a burning altar of Makhleb.
 69401 | Zot:1    | Entered Level 1 of the Realm of Zot
 69456 | Zot:1    | Gained mutation: You regenerate a lot of health from kills.
                  | [demonic ancestry]
 69456 | Zot:1    | Reached XP level 24. HP: 187/210 MP: 28/28
 70257 | Zot:2    | Reached skill level 15 in Polearms
 70557 | Zot:2    | Noticed an orb of fire
 70558 | Zot:2    | Gained mutation: Your magical capacity is low. (-10% MP)
                  | [an orb of fire]
 70559 | Zot:2    | Gained mutation: You have hidden genetic defects. [an orb
                  | of fire]
 70560 | Zot:2    | Gained mutation: You have terrible hidden genetic defects.
                  | [an orb of fire]
 70572 | Zot:2    | Gained mutation: You are weak. (Str -2) [an orb of fire]
 70574 | Zot:2    | Killed an orb of fire
 71882 | Zot:1    | Lost mutation: Your magical capacity is low. (-10% MP)
                  | [potion of mutation]
 71882 | Zot:1    | Lost mutation: You are occasionally teleported next to
                  | monsters. [potion of mutation]
 71882 | Zot:1    | Gained mutation: Your magical capacity is low. (-10% MP)
                  | [potion of mutation]
 72219 | Zot:3    | Gained mutation: You are frail. (-10% HP) [hidden defects]
 72474 | Zot:1    | Lost mutation: You have terrible hidden genetic defects.
                  | [potion of mutation]
 72474 | Zot:1    | Lost mutation: You are frail. (-10% HP) [potion of
                  | mutation]
 72474 | Zot:1    | Gained mutation: You have very sharp teeth. [potion of
                  | mutation]
 72536 | Depths:3 | Lost mutation: Your magical capacity is low. (-10% MP)
                  | [potion of mutation]
 72536 | Depths:3 | Lost mutation: You have hidden genetic defects. [potion of
                  | mutation]
 72536 | Depths:3 | Lost mutation: Armour fits poorly on your strangely shaped
                  | body. [potion of mutation]
 72536 | Depths:3 | Gained mutation: Your magical capacity is low. (-10% MP)
                  | [potion of mutation]
 72536 | Depths:3 | Lost mutation: Your magical capacity is low. (-10% MP)
                  | [potion of mutation]
 72536 | Depths:3 | Gained mutation: Your magical capacity is low. (-10% MP)
                  | [potion of mutation]
 73772 | Zot:5    | Entered Level 5 of the Realm of Zot
 73776 | Zot:5    | Noticed a Killer Klown
 73900 | Zot:4    | Killed a Killer Klown
 74228 | Zot:5    | Reached skill level 26 in Shields
 74694 | Zot:5    | Noticed an orb of fire
 74700 | Zot:5    | Gained mutation: Armour fits poorly on your strangely
                  | shaped body. [an orb of fire]
 74704 | Zot:5    | Gained mutation: You passively map a small area around you.
                  | [an orb of fire]
 74706 | Zot:5    | Killed an orb of fire
 74707 | Zot:5    | Gained mutation: You can hurl damnation. [demonic ancestry]
 74707 | Zot:5    | Reached XP level 25. HP: 160/219 MP: 12/25
 74845 | Zot:5    | Noticed an orb of fire
 74874 | Zot:5    | Killed an orb of fire
 75260 | Zot:5    | Noticed an ancient lich
 75276 | Zot:5    | Killed an ancient lich
 75281 | Zot:5    | Noticed a dread lich
 75300 | Zot:5    | Killed a dread lich
 75341 | Zot:5    | Noticed an orb of fire
 75342 | Zot:5    | Gained mutation: Your body sometimes deteriorates upon
                  | taking damage. [an orb of fire]
 75343 | Zot:5    | Gained mutation: You sometimes lose the ability to read
                  | scrolls when taking damage. [an orb of fire]
 75353 | Zot:5    | Gained mutation: You tend to lose your temper in combat.
                  | [an orb of fire]
 75362 | Zot:5    | Killed an orb of fire
 75368 | Zot:5    | Noticed an orb of fire
 75381 | Zot:5    | Gained mutation: You are frail. (-10% HP) [an orb of fire]
 75395 | Zot:5    | Gained mutation: Your body often deteriorates upon taking
                  | damage. [an orb of fire]
 75404 | Zot:5    | Gained mutation: You have hidden genetic defects. [an orb
                  | of fire]
 75407 | Zot:5    | Gained mutation: You are clumsy. (Dex -2) [an orb of fire]
 75427 | Zot:5    | Killed an orb of fire
 75634 | Zot:5    | Noticed an orb of fire
 75661 | Zot:5    | Killed an orb of fire
 76139 | Zot:5    | Noticed an orb of fire
 76147 | Zot:5    | Gained mutation: You are dopey. (Int -2) [an orb of fire]
 76152 | Zot:5    | Killed an orb of fire
 76295 | Zot:5    | Noticed an orb of fire
 76303 | Zot:5    | Gained mutation: Potions are less effective at restoring
                  | your health. [an orb of fire]
 76327 | Zot:5    | Killed an orb of fire
 76736 | Zot:5    | Noticed an orb of fire
 76748 | Zot:5    | Noticed an ancient lich
 76749 | Zot:5    | Gained mutation: Your magical capacity is very low. (-20%
                  | MP) [an orb of fire]
 76758 | Zot:5    | Killed an orb of fire
 76768 | Zot:5    | Killed an ancient lich
 76768 | Zot:5    | Noticed a dread lich
 76801 | Zot:5    | Killed a dread lich
 76807 | Zot:5    | Gained mutation: You are very weak. (Str -4) [hidden
                  | defects]
 77530 | Vaults:4 | Lost mutation: You are frail. (-10% HP) [potion of
                  | mutation]
 77530 | Vaults:4 | Lost mutation: Armour fits poorly on your strangely shaped
                  | body. [potion of mutation]
 77530 | Vaults:4 | Lost mutation: You sometimes lose the ability to read
                  | scrolls when taking damage. [potion of mutation]
 77530 | Vaults:4 | Lost mutation: You passively map a small area around you.
                  | [potion of mutation]
 77530 | Vaults:4 | Lost mutation: You are dopey. (Int -2) [potion of mutation]
 77941 | Zot:5    | Noticed a Killer Klown
 77949 | Zot:5    | a Killer Klown changed into a titan
 78019 | Zot:5    | Noticed a Killer Klown
 78029 | Zot:5    | Killed a Killer Klown
 78141 | Zot:5    | Identified the +0 chain mail of the King of the Hill
                  | {Str+2}
 78221 | Zot:5    | Got the Orb of Zot
 79047 | D:$      | Escaped with the Orb!

Illustrated notes

Levels and vault maps discovered:
D:1:      zelgadis_glass_arrival_small, layout_loops_ring,
          minmay_misc_feat_more_columns
D:2:      layout_basic, basic_altar, hellmonk_ecumenical_altar_blasted,
          minivault_19, uniq_natasha
D:3:      layout_rooms, serial_shops, nicolae_shop_bloodbath_and_beyond,
          uniq_sigmund
D:4:      layout_basic, nicolae_wu_jian_immortal_techniques, serial_shops,
          kennysheep_mini_moat
D:5:      layout_basic, grunt_temple_overflow_forces_of_nature,
          minmay_temple_entry_metal_lava
D:6:      layout_basic
D:7:      layout_basic, hangedman_misty_isle
D:8:      layout_rooms, kiku_gazebo_pond_becter, lightli_church_of_beogh
D:9:      layout_long_grid, mainiacjoe_overflow_alcove_2, uniq_maggie,
          uniq_maurice
D:10:     layout_rooms, cheibriados_altar_1, due_lair_maze_entry_diamond,
          nicolae_stop_n_shop_1, uniq_joseph, uniq_grum
D:11:     layout_cave_pools, minmay_orc_entry_guard_dogs
D:12:     layout_layer_cave, special_room [special_room_orc],
          okawaru_ov_weapons_minmay
D:13:     minmay_s_stair_smasher, layout_gridville, david_vaults_1,
          uniq_josephine, uniq_snorg
D:14:     layout_rooms, kennysheep_donut
D:15:     hangedman_depths_entry_civil_slaughter, layout_long_grid
Temple:   regret_index_temple_sphere_string
Lair:1:   layout_hall_layers, serial_bayou_crossing
Lair:2:   layout_hall_layers, chequers_serial_rivers_micro_d
Lair:3:   layout_cave_pods, guppyfry_snake_entry_island,
          dreamdust_deal_with_the_devil, serial_bayou_shore_a,
          lemuel_fruit_fields, uniq_fannar
Lair:4:   layout_hall_layers, swamp_mist_pool, cheibrodos_lair_caveside_slide,
          roderic_batcave, nicolae_lair_grazing_beasts
          [nicolae_sub_lair_graze_edge, nicolae_sub_lair_graze_edge,
          nicolae_sub_lair_graze_edge, nicolae_sub_lair_graze_edge]
Lair:5:   nzn_winding_woodlands_three_and_one
          [nzn_winding_woodlands_5x15_pockets,
          nzn_winding_woodlands_5x15_concentric,
          nzn_winding_woodlands_5x15_lazy_stream,
          nzn_winding_woodlands_center_triple_pond], layout_hall_layers,
          grunt_megastairs_2, infiniplex_staircase_pool
Lair:6:   due_jungle_book, layout_big_grid, slime_dummy
Swamp:1:  layout_basic_swamp, nicolae_swamp_very_dense_foliage, swamp_pool3,
          st_swamp_ruins_2
Swamp:2:  layout_basic_swamp, ebering_ghost_rock_garden,
          nicolae_swamp_stair_fork, swamp_pool4
Swamp:3:  layout_basic_swamp, gammafunk_ghost_abyssal_escape,
          nicolae_swamp_decorative_isthmus, uniq_bai_suzhen, uniq_donald
Swamp:4:  swamp_icy, layout_basic_swamp
Snake:1:  layout_grid_maze, drop_trap, uniq_louise
Snake:2:  layout_rooms, serial_shops, nicolae_shop_advertising_works
          [nicolae_subvault_shop_adworks]
Snake:3:  minmay_snake_river, layout_grid_maze, nicolae_shop_unique_rings,
          nicolae_snake_gridmaze_tees, grunt_ministairs_14,
          nicolae_shop_clearance, uniq_asterion, uniq_vashnia
Snake:4:  hellmonk_snake_rune_quicksilver_temple, layout_rooms,
          nicolae_snake_shapes, uniq_aizul
Slime:1:  layout_caves, cheibrodos_slime_lost_civilization_7
Slime:2:  layout_caves
Slime:3:  layout_caves
Orc:1:    layout_caves, elf_legates
Orc:2:    grunt_orc_cross, layout_caves, basic_altar, uniq_saint_roka
Elf:1:    eino_elf_arrival_altar, layout_onion_city, serial_shops, shop,
          minmay_elf_demonology
Elf:2:    elven_hall_of_blades_hangedman_original
          [nicolae_blade_entry_crossed_weapons], layout_geoelf_diagonals,
          grunt_ministairs_2, orc_legates
Vaults:1: v_misc_4, vaults_room_door_hall, v_rooms_1,
          nicolae_vaults_an_arrangement, nicolae_vaults_angled_halls,
          v_pattern_1, nicolae_vaults_specimen_jars, hangedman_vaults_slice,
          ontoclasm_vaults_eye, vaults_room_stairs_pillars,
          layout_vaults_quadrants, nicolae_trove_entry_free_sample
Vaults:2: portal_desolation_entry_ruin, v_pattern_4, v_misc_26,
          vaults_room_grunt_arrival_checkpoint, v_misc_5, v_misc_8,
          vaults_dpeg_cross, ontoclasm_vaults_chip,
          vaults_room_hangedman_quadrants, v_misc_29, layout_vaults_big_room
Vaults:3: v_misc_12, vaults_dpeg_diagonal, nicolae_vaults_twisting_passages,
          grunt_vaults_bifocal, vaults_room_semicircle,
          nicolae_vaults_what_the_h, blue_anna_dwarven_crypt,
          nicolae_vaults_three_branches, ontoclasm_vaults_gateway,
          nicolae_vaults_little_squares_4, layout_vaults_omnicross
Vaults:4: ontoclasm_vaults_ring_small, ontoclasm_vaults_ring_square,
          hangedman_vaults_stream, ontoclasm_vaults_pinch,
          ontoclasm_vaults_ligature, hangedman_vaults_unwind, vaults_room_fours,
          nicolae_vaults_ninety_degrees, v_misc_23, vaults_dpeg_spiral,
          nicolae_vaults_mini_display_case, layout_vaults_maze_bifur
Vaults:5
Depths:1: layout_cross, hellmonk_ghost_big_iron, hellmouth_1,
          minmay_door_square, nicolae_abyss_entry_one_way_or_another,
          kennysheep_generic_room_9, minmay_shoptagon
Depths:2: lemuel_flame_loot_2, layout_honeycomb, hangedman_tar_grid_catacomb,
          minivault_11, grunt_pan_entry_zigzag, nicolae_shop_self_help,
          infiniplex_staircase_pool_1, minmay_shop_grove, serial_bayou_shore_b
Depths:3: grunt_runaround [grunt_runaround_doors_1, grunt_runaround_doors_2,
          grunt_runaround_doors_3, grunt_runaround_doors_4,
          grunt_runaround_loot], abyss_entry, hell_entry
Depths:4: evilmike_zot_entry_argh, layout_long_grid, enter_ziggurat_d,
          grunt_pan_entry_sceptre, nicolae_ashenzari_panopticon, abyss_entry,
          hell_entry, minmay_liquid_box, argonaut_fire_from_heaven,
          serial_bayou_shore_b, infiniplex_staircase_pool_lava
Zot:1:    layout_basic
Zot:2:    layout_misc_corridors, grunt_megastairs_1
Zot:3:    layout_misc_corridors
Zot:4:    gammafunk_mikee_crab_dinner, layout_onion
Zot:5:    layout_misc_corridors

Skill      XL: |  1  2  3  4  5  6  7  8  9 10 11 12 13 14 15 16 17 18 19 20 21 22 23 24 25 |
---------------+----------------------------------------------------------------------------+-----
Polearms       | 2 3 4 5 6 8 10 12 13 14 15 16 | 16.4
Armour         | 3 4 5 6 7 8 9 10 11 12 13 14 15 16 17 18 19 20 21 | 21.2
Shields        | 3 4 5 6 7 8 9 12 14 16 18 19 21 22 23 25 26 | 26.5
Fighting       | 4 5 7 8 10 13 15 16 17 18 19 20 21 22 23 | 23.5
Throwing       | 1 2 3 4 5 |  5.9
Invocations    | 4 5 6 7 |  7.9
Dodging        | 2 4 5 |  5.3

Action                   |  1- 3 |  4- 6 |  7- 9 | 10-12 | 13-15 | 16-18 | 19-21 | 22-24 | 25-27 || total
-------------------------+-------+-------+-------+-------+-------+-------+-------+-------+-------++-------
Melee: Trident           |    67 |   174 |   416 |   812 |  1229 |       |       |       |       ||  2698
       Headbutt          |       |     7 |    58 |   168 |   360 |   413 |   660 |   585 |   139 ||  2390
       Lance             |       |       |       |       |   158 |  1851 |  2257 |  2256 |   512 ||  7034
       Bite              |       |       |       |       |       |       |       |    44 |    73 ||   117
Throw: Boomerang         |       |    11 |    17 |    50 |    34 |   106 |    51 |   137 |       ||   406
Invok: Upheaval          |       |       |       |       |     4 |     6 |     5 |     6 |       ||    21
       Elemental Force   |       |       |       |       |       |     2 |     1 |       |       ||     3
       Disaster Area     |       |       |       |       |       |       |       |     1 |     1 ||     2
Evoke: Condenser vane    |       |       |       |       |       |       |       |       |     1 ||     1
  Use: Potion            |     1 |     2 |     4 |       |     2 |     4 |    16 |    10 |     4 ||    43
       Scroll            |       |       |    15 |     5 |     8 |    14 |    16 |     5 |       ||    63
 Stab: Distracted        |       |       |       |     2 |       |     1 |     3 |     1 |     3 ||    10
       Paralysed         |       |       |       |       |       |       |     1 |       |       ||     1
       Confused          |       |       |       |       |       |       |     1 |       |       ||     1
Armor: Scale mail        |    26 |    80 |    38 |    16 |   426 |   345 |   102 |       |       ||  1033
       Plate armour      |       |       |    97 |   165 |       |       |       |       |       ||   262
       Crystal plate arm |       |       |       |       |       |       |   382 |   409 |    52 ||   843
Dodge: Dodged            |    26 |    71 |    69 |    58 |   192 |   134 |   186 |   146 |    25 ||   907
       Repelled          |       |       |       |     1 |     3 |    23 |    12 |     8 |     6 ||    53
Block: Buckler           |    10 |    40 |   131 |   343 |   386 |       |       |       |       ||   910
       Reflection        |       |       |     7 |     7 |    66 |   242 |   130 |    48 |     1 ||   501
       Tower shield      |       |       |       |       |   761 |  1725 |  2129 |  1646 |   279 ||  6540

Table legend: (Time is in decaauts)
 A = Elapsed time spent in this place.
 B = Non-inter-level travel time spent in this place.
 C = Inter-level travel time spent in this place.
 D = Time resting spent in this place.
 E = Time spent auto-exploring this place.
 F = Levels seen in this place.
 G = Mean time per level.
                   A        B        C        D        E       F      G
               +--------+--------+--------+--------+--------+-----+--------+
         Total |  77863 |  69654 |   8209 |  21785 |  27529 |  52 | 1497.4 |
       Dungeon |  21186 |  17779 |   3407 |   4759 |   8986 |  15 | 1412.4 |
        Temple |     21 |     19 |      2 |      0 |      0 |   1 |   21.0 |
          Lair |   9122 |   8064 |   1058 |   2073 |   3983 |   6 | 1520.3 |
         Swamp |   5108 |   4750 |    358 |   1614 |   1980 |   4 | 1277.0 |
     Snake Pit |   6734 |   6455 |    279 |   2221 |   2611 |   4 | 1683.5 |
    Slime Pits |   1728 |   1692 |     36 |    848 |    494 |   3 |  576.0 |
  Orcish Mines |   3527 |   3131 |    396 |   1057 |   1166 |   2 | 1763.5 |
   Elven Halls |   3290 |   3039 |    251 |   1000 |    923 |   2 | 1645.0 |
        Vaults |  13960 |  12935 |   1025 |   4580 |   3497 |   5 | 2792.0 |
        Depths |   5186 |   4737 |    449 |    846 |   2007 |   4 | 1296.5 |
           Zot |   7812 |   6868 |    944 |   2785 |   1824 |   5 | 1562.4 |
         Trove |    186 |    186 |      0 |      0 |     53 |   1 |  186.0 |
               +--------+--------+--------+--------+--------+-----+--------+

Top non-repeatable levels by time:
Vaults:4: 4145 daAuts
Vaults:1: 3801 daAuts
   Zot:5: 3407 daAuts
     D:6: 2465 daAuts
  Lair:4: 2355 daAuts
    D:12: 2348 daAuts
Vaults:3: 2314 daAuts
  Lair:6: 2249 daAuts
   Orc:1: 2142 daAuts
 Snake:1: 2141 daAuts
   Elf:1: 2103 daAuts
    D:11: 2006 daAuts
Vaults:5: 1965 daAuts
Depths:3: 1845 daAuts
 Snake:3: 1802 daAuts
